 Dungeon Sprint DCSS version 0.31-a0-675-g238779eb0a (webtiles) character file.

Game seed: 2403838549284388059

8245 sircluck the Brawler (level 11, -11/126 (128) HPs)
             Began as a Troll Berserker on Sept 5, 2023.
             Was the Champion of Trog.
             Mangled by a demonic crawler (14 damage)
             ... while paralysed by a floating eye
             ... in the Dungeon (Sprint VII: "The Pits").
             The game lasted 00:02:36 (777 turns).

sircluck the Brawler (Troll Berserker)               Turns: 777, Time: 00:02:37

HP:   -11/126 (128) AC:  5    Str: 31    XL:     11   Next: 7%
MP:   10/10         EV:  1    Int:  3    God:    Trog [******]
Gold: 0             SH:  0    Dex:  9    Spells: 10/10 levels left

rFire   . .          .
                       - Unarmed
rCold   . . .        (no shield)
rNeg    . . .        g - +0 troll leather armour
rPois   .            (helmet restricted)
rElec   .            (no cloak)
rCorr   .            (gloves unavailable)
SInv    .            (boots unavailable)
Will    .....        (no amulet)
Stlth   +            (no ring)
HPRegen 2.01/turn    (no ring)
MPRegen 0.12/turn

%: no teleportation
@: paralysed, lightly drained
A: large, unfitting armour, claws 3, regeneration 1, shaggy fur 1, tough skin 1
a: Renounce Religion, Berserk, Trog's Hand, Brothers in Arms


You were in the Dungeon.
You worshipped Trog.
Trog was exalted by your worship.
You visited 1 branch

Inventory:

Armour
 a - a +0 animal skin
 g - a +0 troll leather armour (worn)
Jewellery
 k - a +3 ring of strength
 l - a +3 ring of intelligence
Scrolls
 i - 2 scrolls of vulnerability
 j - a scroll of summoning
Potions
 b - 9 potions of curing
 c - 13 potions of heal wounds
 d - a potion of haste
 e - 4 potions of magic
 f - 3 potions of berserk rage
 h - 2 potions of invisibility
 m - a potion of mutation


   Skills:
 + Level 13.7 Fighting
 + Level 13.5 Dodging
 + Level 15.8 Unarmed Combat


You had 10 spell levels left.
You didn't know any spells.
Your spell library was empty.

Dungeon Overview and Level Annotations

Branches:
Dungeon (1/1)

Altars:
Ashenzari
Cheibriados
Dithmenos
Elyvilon
Fedhas
Gozag
Hepliaklqana
Kikubaaqudgha
Makhleb
Nemelex Xobeh
Okawaru
Qazlal
Ru
Sif Muna
Trog
Uskayaw
Vehumet
Wu Jian
Xom
Yredelemnul
Zin
The Shining One
Jiyva
Lugonu

Annotations:
D Grum


Innate Abilities, Weirdness & Mutations

You are too large for most types of armour.
You have claws for hands.
Your natural rate of healing is unusually fast.
You are covered in fur. (AC +1)
You have tough skin. (AC +1)


Message History

The demonic crawler hits you. The demonic crawler hits you!
The demonic crawler hits you.
You are too injured to fight recklessly!
You are too injured to fight recklessly!
Unknown command.
You are too injured to fight recklessly!
You are too injured to fight recklessly!
You are too injured to fight recklessly!
You are too injured to fight recklessly!
Unknown command.
The demonic crawler hits you! The demonic crawler misses you.
The demonic crawler hits you but does no damage.
You scratch the demonic crawler but do no damage.
The demonic crawler is heavily wounded.
Your iron troll goes berserk!
The demonic crawler closely misses you. The demonic crawler hits you.
The demonic crawler hits you!
* * * LOW HITPOINT WARNING * * *
The demonic crawler barely misses you. The demonic crawler hits you!
* * * LOW HITPOINT WARNING * * *
The demonic crawler hits you but does no damage.
You feel much better. The demonic crawler barely misses you.
The demonic crawler hits you. The demonic crawler hits you!
* * * LOW HITPOINT WARNING * * *
The floating eye gazes piercingly through you!
You suddenly lose the ability to move!
The demonic crawler hits you!
* * * LOW HITPOINT WARNING * * *
The demonic crawler hits you.
* * * LOW HITPOINT WARNING * * *
The demonic crawler hits you.
* * * LOW HITPOINT WARNING * * *
The floating eye's view fixates on you.
Your iron troll barely misses the demonic crawler.
Your iron troll claws the demonic crawler but does no damage.
Your iron troll claws the demonic crawler!
The demonic crawler hits you!
* * * LOW HITPOINT WARNING * * *
The demonic crawler hits you!
You die...

'###### †##############
####
.....#...'....###...#
...###...###...#...#
..##.)).)).##.....#### .
.##.†##'##..##...##hi##..
.#..##...##..+...#Brhh...
.#).#.....#..#...#{hhh#..
.'..+.....'..'†.@szhhohg.
.#..#.....#..#).T#zihD#..
.#..##.).##..+...#oGzh...
[##..##'##..##)..##.e##..
..##.'...'.##)....#### .
...###...###...#...#
.....#...'....###...#
############### #####


You could see a demonic crawler (ally target), a deep elf pyromancer, Grum, an
acid dragon, 2 spriggans, 6 wolves, a hell rat, a floating eye (charged), 3
wights, an orc, 4 jackals and a friendly iron troll (summoned, berserk).

Vanquished Creatures
  4 hell hogs (D)
  A sea snake (D)
  A deep troll (D)
  A bog body (D)
  A deep elf zephyrmancer (D)
  A deep elf pyromancer (D)
  A merfolk siren (D)
  An ice devil (D)
  4 blink frogs (D)
  2 wraiths (D)
  A water elemental (D)
  Sigmund (D)
  A spriggan (D)
  A steam dragon (D)
  A basilisk (D)
  An acid dragon (D)
  2 floating eyes (D)
  An orc warrior (D)
  2 ogres (D)
  A sky beast (D)
  2 wolves (D)
  Blork the orc (D)
  4 wights (D)
  2 quasits (D)
  A jelly (D)
  A gnoll (D)
  An adder (D)
  A white imp (D)
  An ufetubus (D)
  An adder zombie (D)
  5 orcs (D)
  A ball python (D)
  An endoplasm (D)
  A goblin (D)
  2 kobolds (D)
  A quokka (D)
  A ball python skeleton (D)
  A bat (D)
  2 frilled lizards (D)
  A rat (D)
60 creatures vanquished.

Vanquished Creatures (others)
  A giant cockroach (D)
1 creature vanquished.

Grand Total: 61 creatures vanquished

Notes
Turn   | Place    | Note
-------+----------+-------------------------------------------
     0 | D        | sircluck the Troll Berserker began the quest for the Orb.
     0 | D        | Reached XP level 1. HP: 22/22 MP: 0/0
    40 | D        | Found a bloodstained altar of Trog.
    40 | D        | Found a shimmering blue altar of Sif Muna.
    40 | D        | Found a viscous altar of Jiyva.
    40 | D        | Found a hazy altar of Hepliaklqana.
    40 | D        | Found an opulent altar of Gozag.
    41 | D        | Found a glowing golden altar of the Shining One.
    41 | D        | Found a glowing silver altar of Zin.
    41 | D        | Found a basalt altar of Yredelemnul.
    41 | D        | Found a shimmering altar of Xom.
    41 | D        | Found an ornate altar of the Wu Jian Council.
    41 | D        | Found a sacrificial altar of Ru.
    41 | D        | Found a stormy altar of Qazlal.
    41 | D        | Found an iron altar of Okawaru.
    41 | D        | Found a sparkling altar of Nemelex Xobeh.
    41 | D        | Found a burning altar of Makhleb.
    41 | D        | Found a blossoming altar of Fedhas.
    41 | D        | Found a white marble altar of Elyvilon.
    41 | D        | Found a shadowy altar of Dithmenos.
    41 | D        | Found a snail-covered altar of Cheibriados.
    54 | D        | Reached ** piety under Trog
    67 | D        | Reached XP level 2. HP: 31/31 MP: 1/1
    70 | D        | Noticed a floating eye
    73 | D        | Killed a floating eye
    74 | D        | Reached skill level 5 in Fighting
    74 | D        | Reached skill level 5 in Dodging
    74 | D        | Reached skill level 6 in Unarmed Combat
    74 | D        | Reached XP level 3. HP: 28/42 MP: 2/2
    74 | D        | Reached XP level 4. HP: 34/50 MP: 3/3
    76 | D        | Reached *** piety under Trog
   148 | D        | Noticed a floating eye
   155 | D        | Reached skill level 7 in Unarmed Combat
   155 | D        | Reached XP level 5. HP: 57/59 MP: 4/4
   157 | D        | Reached **** piety under Trog
   159 | D        | Noticed an orc warrior
   163 | D        | Paralysed by a floating eye for 4 turns
   164 | D        | Reached XP level 6. HP: 68/68 MP: 5/5
   164 | D        | Noticed Sigmund
   168 | D        | Reached ***** piety under Trog
   207 | D        | Killed an orc warrior
   208 | D        | Reached skill level 8 in Unarmed Combat
   212 | D        | Killed Sigmund
   213 | D        | Reached skill level 9 in Unarmed Combat
   213 | D        | Reached XP level 7. HP: 24/79 MP: 6/6
   216 | D        | Paralysed by a floating eye for 2 turns
   280 | D        | Received a gift from Trog
   287 | D        | Reached skill level 10 in Unarmed Combat
   294 | D        | Noticed a bog body
   294 | D        | Noticed a deep troll
   304 | D        | Killed a deep troll
   305 | D        | Reached skill level 11 in Unarmed Combat
   305 | D        | Reached XP level 8. HP: 92/92 MP: 7/7
   309 | D        | Killed a bog body
   309 | D        | Received a gift from Trog
   310 | D        | Reached skill level 10 in Fighting
   310 | D        | Reached skill level 10 in Dodging
   341 | D        | Reached skill level 12 in Unarmed Combat
   441 | D        | Found a radiant altar of Vehumet.
   441 | D        | Found a corrupted altar of Lugonu.
   442 | D        | Found a hide-covered altar of Uskayaw.
   442 | D        | Found an ancient bone altar of Kikubaaqudgha.
   442 | D        | Found a broken altar of Ashenzari.
   484 | D        | Reached XP level 9. HP: 92/102 MP: 8/8
   522 | D        | Reached ****** piety under Trog
   523 | D        | Reached skill level 13 in Unarmed Combat
   529 | D        | Received a gift from Trog
   536 | D        | Noticed an ice devil
   546 | D        | Killed an ice devil
   556 | D        | Noticed a deep elf pyromancer
   556 | D        | Noticed a hell hog
   560 | D        | Killed a deep elf pyromancer
   563 | D        | Noticed a hell hog
   567 | D        | Noticed a hell hog
   569 | D        | Killed a hell hog
   570 | D        | Reached skill level 14 in Unarmed Combat
   570 | D        | Reached XP level 10. HP: 97/115 MP: 9/9
   575 | D        | Noticed a hell hog
   576 | D        | Killed a hell hog
   579 | D        | Killed a hell hog
   584 | D        | Killed a hell hog
   585 | D        | Reached skill level 15 in Unarmed Combat
   588 | D        | Noticed a merfolk siren
   594 | D        | Killed a merfolk siren
   594 | D        | Received a gift from Trog
   637 | D        | Noticed Blork the orc
   643 | D        | Killed Blork the orc
   679 | D        | Noticed a deep elf zephyrmancer
   687 | D        | Killed a deep elf zephyrmancer
   688 | D        | Received a gift from Trog
   693 | D        | Noticed a sea snake
   701 | D        | Killed a sea snake
   702 | D        | Reached XP level 11. HP: 80/127 MP: 10/10
   760 | D        | Noticed a demonic crawler
   764 | D        | Noticed Grum
   765 | D        | Noticed a deep elf pyromancer
   775 | D        | Paralysed by a floating eye for 4 turns
   777 | D        | HP: 3/126 [demonic crawler (12)]
   777 | D        | Mangled by a demonic crawler

Illustrated notes

Levels and vault maps discovered:
D:        pitsprint [storerooms_1, entrance_room_1, metal_vault_6, armoury_2,
          mini_pit_1, grid_room_1, main_hall_1, silver_pit, the_coven_2,
          the_vestibule_1, steel_vault_3, golden_pit, hallway_of_sentries,
          crystal_vault_2, iron_vault_4, final_vault]

Skill      XL: |  1  2  3  4  5  6  7  8  9 10 |
---------------+-------------------------------+-----
Fighting       | 3 5 6 7 9 10 12 13 | 13.7
Dodging        | 3 5 6 7 9 10 12 13 | 13.5
Unarmed Combat | 6 7 9 11 12 14 15 | 15.8

Action                     |  1- 3 |  4- 6 |  7- 9 | 10-12 || total
---------------------------+-------+-------+-------+-------++-------
  Melee: Unarmed           |    17 |    29 |    79 |    73 ||   198
         Punch             |     1 |     2 |     4 |     1 ||     8
 Invoke: Berserk           |       |       |     2 |       ||     2
         Brothers in Arms  |       |       |       |     1 ||     1
    Use: Scroll            |       |     1 |       |       ||     1
         Potion            |       |       |       |     1 ||     1
 Armour: Animal skin       |    10 |    25 |    14 |       ||    49
         Troll leather arm |       |       |    25 |    83 ||   108
  Dodge: Dodged            |    10 |    12 |    55 |    61 ||   138

Table legend: (Time is in decaauts)
 A = Elapsed time spent in this place.
 B = Non-inter-level travel time spent in this place.
 C = Inter-level travel time spent in this place.
 D = Time resting spent in this place.
 E = Time spent auto-exploring this place.
 F = Levels seen in this place.
 G = Mean time per level.
                   A        B        C        D        E       F      G
               +--------+--------+--------+--------+--------+-----+--------+
         Total |    792 |    771 |     21 |     80 |    184 |   1 |  792.0 |
       Dungeon |    792 |    771 |     21 |     80 |    184 |   1 |  792.0 |
               +--------+--------+--------+--------+--------+-----+--------+

Top non-repeatable levels by time:
       D: 792 daAuts
